 Dungeon Crawl Stone Soup version 0.30-a0-948-g4fa250aae5 (webtiles) character file.

Game seed: 858911967239181286

8356 Lobster4 the Magician (level 11, -10/78 HPs)
             Began as a Djinni Fire Elementalist on Mar 27, 2023.
             Was a Believer of Makhleb.
             Collided with a metal wall (21 damage)
             ... caused by a wretched star
             ... on level 2 of the Abyss.
             The game lasted 00:34:45 (10152 turns).

Lobster4 the Magician (Djinni Fire Elementalist)   Turns: 10152, Time: 00:34:45

Health: -10/78     AC: 12    Str:  5    XL:     11   Next: 54%
Gold:   613        EV: 16    Int: 21    God:    Makhleb [**....] SH:  0 Dex: 16

rFire   + + .      SeeInvis +    a - +1 rapier (freeze)
rCold   x . .      Faith    .    (no shield)
rNeg    . . .      Spirit   .    j - +0 steam dragon scales
rPois   ∞          Reflect  .    g - +0 helmet
rElec   .          Rampage  .    K - +2 cloak of Bad Feelings {rPois Regen+ Str-2 Dex+2 SInv}
rCorr   .                        D - +0 pair of gloves
Will    +....                    (boots unavailable)
Stlth   ++                       (no amulet)
HPRegen 1.13/turn                (no ring)
MPRegen 0.00/turn                (no ring)

@: mighty, flying, unable to read
A: sickness immunity, fire resistance 2, cold vulnerability 1, float, innate
caster, HP casting, extra vitality 1, [inability to read after injury 2]
a: Renounce Religion, Minor Destruction


You were on level 2 of the Abyss.
You worshipped Makhleb.
Makhleb was pleased with you.
You visited 2 branches of the dungeon, and saw 11 of its levels.
You visited the Abyss 1 time.

You collected 613 gold pieces.

Inventory:

Hand Weapons
 a - a +1 rapier of freezing (weapon)
 b - a +0 sling
 s - a +0 short sword
 w - a +0 shortbow
Missiles
 e - 10 boomerangs
 k - 6 curare-tipped darts (quivered)
 p - 25 poisoned darts
 v - a throwing net
Armour
 c - +0 acid dragon scales
 g - a +0 helmet (worn)
 j - +0 steam dragon scales (worn)
 q - a +2 ring mail of cold resistance
 A - a +1 robe of willpower
 D - a +0 pair of gloves (worn)
 E - a +0 kite shield
 K - the +2 cloak of Bad Feelings (worn) {rPois Regen+ Str-2 Dex+2 SInv}
   (You found it on level 9 of the Dungeon)

   Str:       It affects your strength (-2).
   Dex:       It affects your dexterity (+2).
   rPois:     It protects you from poison.
   SInv:      It lets you see invisible.
   Regen:     It increases your rate of health regeneration.
Magical Staves
 H - a staff of earth
Wands
 m - a wand of flame (12)
 y - a wand of digging (9)
 C - a wand of roots (14)
 F - a wand of polymorph (6)
Scrolls
 d - a scroll of poison
 h - 3 scrolls of teleportation
 i - a scroll of brand weapon
 z - 2 scrolls of identify
 B - a scroll of immolation
 G - a scroll of vulnerability {unknown}
 J - a scroll of enchant weapon
 L - a scroll of magic mapping
Potions
 f - 9 potions of curing {unknown}
 l - a potion of haste
 n - a potion of might
 r - a potion of brilliance
 t - 3 potions of mutation
 u - a potion of ambrosia
 x - a potion of invisibility
 I - 2 potions of lignification


   Skills:
 + Level 6.5 Fighting
 - Level 5.0 Short Blades
 - Level 2.0 Throwing
 + Level 6.7 Armour
 + Level 7.7 Dodging
 + Level 2.0 Stealth
 + Level 3.8 Shields
 * Level 7.8 Spellcasting
 - Level 3.0 Evocations


You knew the following spells:

 Your Spells              Type           Power      Damage    Failure   Level
a - Foxfire               Conj/Fire      100%       2x1d9     1%          1
b - Scorch                Fire           82%        2d9       1%          2
c - Ozocubu's Armour      Ice            41%        N/A       1%          3
d - Inner Flame           Hex/Fire       41%        N/A       1%          3
e - Flame Wave            Conj/Fire      41%        2d11      3%          4
f - Apportation           Tloc           82%        N/A       1%          1
g - Lesser Beckoning      Tloc           82%        N/A       1%          2
h - Static Discharge      Conj/Air       82%        2-6/arc   1%          2
i - Alistair's Intoxicat  Tmut/Pois      27%        N/A       9%          5
k - Kindle Blastsparks    Fire/Tloc/Air  82%        2d16      1%          3
Your spell library was empty.

Dungeon Overview and Level Annotations

Branches:
Dungeon (10/15)            Temple (1/1) D:7            Lair (0/5) D:9
    Orc: D:9-12

Altars:
Ashenzari
Cheibriados
Dithmenos
Elyvilon
Fedhas
Gozag
Hepliaklqana
Makhleb
Nemelex Xobeh
Okawaru
Qazlal
Ru
Trog
Uskayaw
Wu Jian
Xom
Yredelemnul
Zin
The Shining One

Shops:
D:3 (

Annotations:
D:1 2 runed translucent doors
D:4 2 transporters, Lysca's ghost, amateur NaHW


Innate Abilities, Weirdness & Mutations

You are immune to sickness and miasma.
You are immune to poison.
Your flesh is very heat resistant. (rF++)
You are vulnerable to cold. (rC-)
You float through the air rather than walking.
You learn spells naturally, not from books.
Your magical power is your life essence.
You have superior vitality. (+4 MHP)
[You sometimes lose the ability to read scrolls when taking damage.]


Message History

The lance of force misses you.
You hit the wretched star. You freeze the wretched star.
The wretched star is severely damaged.
The wretched star glows turbulently.
The lance of force misses you.
You hit the wretched star. You freeze the wretched star.
The wretched star is severely damaged.
The wretched star glows turbulently.
The lance of force hits you!!
Your icy armour cracks and falls away as you move.
You are knocked back by the lance of force.
You slam into the metal wall!
Aiming: Fastroot
Press: ? - help, Shift-Dir - straight line, f - ufetubus
Aim: an ufetubus (summoned)
The roots erupt in riotous growth!
The wretched star is unaffected.
Roots grab the ufetubus. x2
The grasping roots constrict the ufetubus. x2
You kill the ufetubus!
The ufetubus disappears in a puff of smoke!
You hear a shout!
You hear a horrible gurgling sound!
The ufetubus struggles to escape constriction. x2
You hit the wretched star. You freeze the wretched star.
The wretched star is severely damaged.
The grasping roots constrict the ufetubus.
You kill the ufetubus!
The ufetubus disappears in a puff of smoke!
The ynoxinul gestures.
The wretched star glows turbulently.
The lance of force hits you!
You feel threatened and lose the ability to read scrolls!
You are knocked back by the lance of force.
You slam into the metal wall!
You hit the wretched star but do no damage.
The wretched star is severely damaged.
The wretched star glows turbulently.
The lance of force hits you!!
* * * LOW HITPOINT WARNING * * *
You are knocked back by the lance of force.
You slam into the metal wall!
You die...

###..## ..## # .
3 ..#_.. . . # #
#..# #. ### #
#...## #.#
#..#..5....
...55# .##
#...#53#.####..#
#..# ##*#....#
... ....##.@# .
.# .# #.## #..
#2.# . # #..#
##. #.## . ...
... .## 2.


You could see a lorocyproca (invisible), a wretched star, a ynoxinul and 3
ufetubi.

Vanquished Creatures
  A sixfirhy (Abyss:2)
  2 komodo dragons (D:9)
  A raiju (Abyss:2)
  Prince Ribbit (D:9)
  15 yaks
  A wyvern (D:8)
  2 steam dragons
  Edmund (D:4)
  Menkaure (D:5)
  An acid dragon (D:8)
  4 water moccasins
  3 orc warriors
  A sky beast (D:7)
  3 black bears
  6 centaurs
  2 phantoms
  A kobold brigand (D:9)
  Blork the orc (D:6)
  A gnoll sergeant (D:8)
  2 bullfrogs
  6 scorpions
  5 wights (D:6)
  4 killer bees (D:10)
  2 howler monkeys
  A gnoll bouda (D:8)
  7 orc priests
  2 hounds
  3 iguanas
  4 jellies
  4 small abominations (Abyss:2)
  7 orc wizards
  11 adders
  12 gnolls
  2 white imps
  2 ufetubi
  A worm (D:2)
  4 dart slugs
  29 orcs
  6 ball pythons
  7 endoplasms
  4 giant cockroaches
  6 goblins
  9 hobgoblins
  16 jackals (D:3)
  4 kobolds
  3 quokkas
  7 bats
  3 frilled lizards
  7 rats
228 creatures vanquished.

Vanquished Creatures (collateral kills)
  13 foxfires
13 creatures vanquished.

Vanquished Creatures (others)
  813 foxfires
  47 fungi
  38 plants
898 creatures vanquished.

Grand Total: 1139 creatures vanquished

Notes
Turn   | Place    | Note
-------+----------+-------------------------------------------
     0 | D:1      | Lobster4 the Djinni Fire Elementalist began the quest for
                  | the Orb.
     0 | D:1      | Lobster4 set off with the following spells memorised:
                  | Foxfire, Scorch, Kindle Blastsparks, Inner Flame, Flame
                  | Wave.
     0 | D:1      | Reached XP level 1. HP: 15/15 MP: 0/0
    75 | D:1      | Reached XP level 2. HP: 16/21 MP: 0/0
   145 | D:1      | Found a large runed translucent door.
   145 | D:1      | Found a large runed translucent door.
   701 | D:1      | Reached XP level 3. HP: 22/26 MP: 0/0
   701 | D:1      | Learned a level 1 spell: Apportation
   725 | D:1      | Found a faded altar of an unknown god.
  1025 | D:2      | Reached skill level 1 in Armour
  1090 | D:2      | Reached skill level 1 in Fighting
  1147 | D:2      | Reached XP level 4. HP: 30/32 MP: 0/0
  1861 | D:3      | Reached XP level 5. HP: 33/37 MP: 0/0
  1861 | D:3      | Learned a level 2 spell: Lesser Beckoning
  2078 | D:3      | Reached skill level 1 in Throwing
  2096 | D:3      | Found Hiosh's Antique Weapon Shoppe.
  2566 | D:4      | Reached XP level 6. HP: 19/43 MP: 0/0
  2762 | D:4      | Noticed Lysca's ghost (amateur NaHW)
  2764 | D:4      | Found a transporter.
  2766 | D:4      | Noticed Edmund
  2792 | D:4      | Killed Edmund
  2811 | D:4      | Found a transporter.
  3017 | D:4      | Reached XP level 7. HP: 48/49 MP: 0/0
  3017 | D:4      | Learned a level 2 spell: Static Discharge
  3264 | D:5      | Entered Level 5 of the Dungeon
  3317 | D:5      | Reached skill level 1 in Short Blades
  3920 | D:5      | Reached XP level 8. HP: 51/55 MP: 0/0
  3961 | D:5      | Noticed Menkaure
  3967 | D:5      | Killed Menkaure
  4850 | D:6      | Reached skill level 1 in Evocations
  4910 | D:6      | Reached skill level 5 in Spellcasting
  5043 | D:6      | Reached skill level 5 in Dodging
  5055 | D:6      | Reached XP level 9. HP: 52/62 MP: 0/0
  5055 | D:6      | Learned a level 3 spell: Ozocubu's Armour
  5201 | D:6      | Found a bloodstained altar of Trog.
  5202 | D:6      | Found a white marble altar of Elyvilon.
  5564 | D:6      | Noticed Blork the orc
  5570 | D:6      | Killed Blork the orc
  5887 | D:6      | Found a sacrificial altar of Ru.
  6199 | D:7      | Found an ornate altar of the Wu Jian Council.
  6199 | D:7      | Found a shadowy altar of Dithmenos.
  6551 | D:7      | Found a blossoming altar of Fedhas.
  6667 | D:7      | Found a staircase to the Ecumenical Temple.
  6677 | Temple   | Entered the Ecumenical Temple
  6685 | Temple   | Became a worshipper of Makhleb the Destroyer
  6903 | D:7      | Reached skill level 5 in Armour
  6903 | D:7      | Reached XP level 10. HP: 64/69 MP: 0/0
  7148 | D:8      | HP: 1/69 [orc warrior/+0 battleaxe (14)]
  7152 | D:8      | Reached skill level 5 in Fighting
  7872 | D:8      | Reached skill level 1 in Shields
  8086 | D:8      | Reached * piety under Makhleb
  8179 | D:8      | Found a stormy altar of Qazlal.
  8528 | D:9      | Found a shimmering altar of Xom.
  8665 | D:9      | Noticed a komodo dragon
  8698 | D:9      | Reached XP level 11. HP: 46/76 MP: 0/0
  8698 | D:9      | Learned a level 5 spell: Alistair's Intoxication
  9072 | D:9      | Found a staircase to the Lair.
  9118 | D:9      | Noticed Prince Ribbit
  9134 | D:9      | Killed Prince Ribbit
  9442 | D:9      | Identified the +2 cloak of Bad Feelings {rPois Regen+ Str-2
                  | Dex+2 SInv}
  9714 | D:10     | Entered Level 10 of the Dungeon
  9714 | D:10     | Noticed a lindwurm
  9714 | D:10     | Noticed a boulder beetle
  9716 | D:10     | Noticed a boulder beetle
  9719 | D:10     | Identified the staff of poison "Veblopaf" {rElec rPois
                  | rCorr Str+6 Int-5}
  9719 | D:10     | Noticed a wizard
  9747 | D:10     | Reached ** piety under Makhleb
  9896 | Abyss:2  | Cast into level 2 of the Abyss (a wizard)
 10035 | Abyss:2  | Found a corrupted altar of Lugonu.
 10084 | Abyss:2  | Noticed a sixfirhy
 10088 | Abyss:2  | Found a corrupted altar of Lugonu.
 10098 | Abyss:2  | Killed a sixfirhy
 10099 | Abyss:2  | Reached skill level 5 in Short Blades
 10119 | Abyss:2  | Noticed a tentacled starspawn
 10123 | Abyss:2  | Noticed a wretched star
 10127 | Abyss:2  | Found a corrupted altar of Lugonu.
 10137 | Abyss:2  | Noticed a lorocyproca
 10152 | Abyss:2  | Collided with a metal wall

Illustrated notes

Levels and vault maps discovered:
D:1:      erik_arrival_cave_to_civilisation [erik_arrival_cave_to_temple],
          layout_loops_ring, shapermc_ecumenical_altar_hornbeckon
D:2:      layout_rooms
D:3:      layout_loops_ring, serial_shops, nicolae_square_shop,
          nicolae_elevator_lobby_plus
D:4:      layout_basic, gammafunk_ghost_arena, uniq_edmund
D:5:      layout_gridville, nicolae_concentric_dashed_squares_wild,
          uniq_menkaure
D:6:      layout_rooms, nicolae_ru_the_path_less_chosen,
          gammafunk_temple_overflow_pools, lightli_orcish_oven,
          uniq_blork_the_orc
D:7:      layout_basic, chequers_temple_overflow_statue_of_worship,
          fedhas_ov_isle_minmay, minmay_temple_entry_glassed_door
D:8:      layout_loops_ring, nicolae_qazlal_scattered_showers
D:9:      layout_cave_pools, kennysheep_mini_moat, due_lair_maze_entry_diamond,
          dk_noncrumbling_2, uniq_prince_ribbit1
D:10:     layout_gridville, minmay_orc_entry_guard_dogs,
          chequers_serial_rivers_large_b, minmay_radiant
Temple:   nicolae_temple_two_arcs
Abyss:2:  base: D:6, base: D:10, evilmike_abyss_exit_4, evilmike_abyss_exit_4

Skill      XL: |  1  2  3  4  5  6  7  8  9 10 11 |
---------------+----------------------------------+-----
Armour         | 1 2 3 4 5 6 |  6.7
Fighting       | 1 2 3 4 5 6 |  6.5
Stealth        | 2 |  2.0
Spellcasting   | 3 4 5 6 7 |  7.8
Dodging        | 3 4 5 6 7 |  7.7
Throwing       | 1 2 |  2.0
Short Blades   | 1 2 3 4 5 |  5.0
Evocations     | 2 3 |  3.0
Shields        | 2 3 |  3.8

Action                     |  1- 3 |  4- 6 |  7- 9 | 10-12 || total
---------------------------+-------+-------+-------+-------++-------
  Melee: Short sword       |     1 |       |       |       ||     1
         Rapier            |       |     1 |     1 |     9 ||    11
  Throw: Dart              |       |     9 |       |       ||     9
   Cast: Foxfire           |    81 |    84 |   181 |   159 ||   505
         Scorch            |     2 |    33 |    75 |   115 ||   225
         Ozocubu's Armour  |       |       |       |     8 ||     8
         Flame Wave        |       |       |       |     4 ||     4
         Alistair's Intoxi |       |       |       |     3 ||     3
  Evoke: Wand              |       |       |       |     1 ||     1
    Use: Scroll            |       |     3 |    14 |     6 ||    23
         Potion            |       |       |     2 |     3 ||     5
 Armour: Robe              |     1 |     2 |     2 |       ||     5
         Skin              |       |       |     2 |       ||     2
         Steam dragon scal |       |       |       |    37 ||    37
  Dodge: Dodged            |     1 |     4 |    29 |    77 ||   111

Table legend: (Time is in decaauts)
 A = Elapsed time spent in this place.
 B = Non-inter-level travel time spent in this place.
 C = Inter-level travel time spent in this place.
 D = Time resting spent in this place.
 E = Time spent auto-exploring this place.
 F = Levels seen in this place.
 G = Mean time per level.
                   A        B        C        D        E       F      G
               +--------+--------+--------+--------+--------+-----+--------+
         Total |  10147 |   9676 |    471 |   2333 |   5389 |  12 |  845.6 |
       Dungeon |   9845 |   9374 |    471 |   2226 |   5369 |  10 |  984.5 |
        Temple |     46 |     46 |      0 |      0 |      0 |   1 |   46.0 |
         Abyss |    255 |    255 |      0 |    107 |     20 |   1 |  255.0 |
               +--------+--------+--------+--------+--------+-----+--------+

Top non-repeatable levels by time:
     D:6: 1489 daAuts
     D:8: 1396 daAuts
     D:5: 1390 daAuts
     D:9: 1219 daAuts
     D:3: 986 daAuts
     D:7: 925 daAuts
     D:1: 920 daAuts
     D:2: 730 daAuts
     D:4: 625 daAuts
 Abyss:2: 255 daAuts
    D:10: 162 daAuts
  Temple: 46 daAuts
